 Dungeon Crawl Stone Soup version 0.32-a0-131-g9dbbe29261 (webtiles) character file.

Game seed: 15969748932485588466

139 grandjackal the Trooper (level 5, -7/42 HPs)
             Began as a Demonspawn Gladiator on Feb 8, 2024.
             Killed by nerve-wracking pain
             ... invoked by a shadow imp
              (9 damage)
             ... in a sewer.
             The game lasted 00:03:04 (2378 turns).

grandjackal the Trooper (Demonspawn Gladiator)      Turns: 2378, Time: 00:03:04

Health: -7/42      AC:  9    Str: 14    XL:     5   Next: 1%
Magic:  5/5        EV: 11    Int: 14    God:
Gold:   117        SH:  6    Dex: 17    Spells: 4/4 levels left

rFire   . . .        b - +0 longbow
rCold   . . .        (shield currently unavailable)
rNeg    . . .        k - +0 ring mail
rPois   .            c - +0 helmet
rElec   .            h - +1 cloak
rCorr   .            j - +0 pair of gloves
SInv    .            (no boots)
Will    .....        (no amulet)
Stlth   +            n - +6 ring of intelligence
HPRegen 0.27/turn    (no ring)
MPRegen 0.09/turn

%: no passive effects
@: no status effects
A: claws 1, large bone plates 2
a: no special abilities


You were in a sewer.
You visited 1 branch of the dungeon, and saw 4 of its levels.
You also visited: Sewer.

You collected 117 gold pieces.

Inventory:

Hand Weapons
 a - a +0 long sword
 b - a +0 longbow (weapon)
Missiles
 d - 3 throwing nets
 e - a javelin
Armour
 c - a +0 helmet (worn)
 h - a +1 cloak (worn)
 j - a +0 pair of gloves (worn)
 k - a +0 ring mail (worn)
Jewellery
 n - a +6 ring of intelligence (left hand)
 q - a ring of ice
Wands
 r - a wand of iceblast (8)
Scrolls
 f - 4 scrolls of identify {unknown}
 i - 2 scrolls of enchant weapon {unknown}
 s - a scroll of fog {unknown}
Potions
 g - 2 potions of enlightenment {unknown}
 l - 3 potions of haste {unknown}
 m - a potion of magic {unknown}
 o - 2 potions of mutation {unknown}
 p - a potion of attraction {unknown}


   Skills:
 + Level 3.6 Fighting
 - Level 2.8 Long Blades
 + Level 2.4 Ranged Weapons
 - Level 2.0 Throwing
 - Level 3.1 Dodging


You had 4 spell levels left.
You didn't know any spells.
Your spell library was empty.

Dungeon Overview and Level Annotations

Branches:
Dungeon (4/15)              Sewer (1/1)
 Temple: D:4-7

Altars:
Makhleb


Innate Abilities, Weirdness & Mutations

You have sharp fingernails.
You are mostly covered in large bone plates. (SH +6)


Message History

You are too injured to fight recklessly!
Unknown command.
Fire: b) +0 longbow
Press: ? - help, Q - select action, (/) - cycle Shift-Dir - straight line, f/p - shadow imp
Aim: a shadow imp (lightly wounded, 55% to hit)
Okay, then.
The kobold attacks as it pursues you! The kobold hits you but does no damage.
The shadow imp disappears for a moment.
The shadow imp attacks as it pursues you!
You block the shadow imp's attack.
Fire: b) +0 longbow
Press: ? - help, Q - select action, (/) - cycle Shift-Dir - straight line, f/p - shadow imp
Aim: a shadow imp (lightly wounded, 55% to hit)
You shoot an arrow. The arrow hits the shadow imp.
The shadow imp is moderately wounded.
The shadow imp hits you but does no damage.
The shadow imp barely misses you.
Fire: b) +0 longbow
Press: ? - help, Q - select action, (/) - cycle Shift-Dir - straight line, f/p - shadow imp
Aim: a shadow imp (moderately wounded, 55% to hit)
You shoot an arrow. The arrow barely misses the shadow imp.
You block the shadow imp's attack.
Unknown command.
Fire: b) +0 longbow
Press: ? - help, Q - select action, (/) - cycle Shift-Dir - straight line, f/p - shadow imp
Aim: a shadow imp (moderately wounded, 55% to hit)
You shoot an arrow. The arrow hits the shadow imp!
The shadow imp is almost dead.
You block the shadow imp's attack.
Fire: b) +0 longbow
Press: ? - help, Q - select action, (/) - cycle Shift-Dir - straight line, f/p - shadow imp
Aim: a shadow imp (almost dead, 55% to hit)
You shoot an arrow. The arrow barely misses the shadow imp.
You block the shadow imp's attack. The shadow imp gestures at you.
Pain shoots through your body!
* * * LOW HITPOINT WARNING * * *
The shadow imp gestures at you. Pain shoots through your body!
You die...

#≈≈≈#≈≈≈≈≈~~...#≈≈≈≈
#≈≈≈#≈≈≈≈≈~~...~≈≈≈≈
#≈≈≈#≈≈≈≈≈~#...#≈≈≈≈≈≈#
#≈≈≈#≈≈≈≈≈≈~...#≈≈≈≈≈≈#
#≈≈~#≈≈≈≈≈~#...~≈≈≈≈≈≈#
#≈~.#≈≈≈≈≈≈#...#≈≈≈≈≈≈#
#~.~#≈≈≈≈≈≈#...#~≈≈≈≈≈#
##~##########5##≈~≈≈≈≈#
#...........@5.#~~≈≈≈≈#
#.≈≈.~~~.~..~~~~..~~≈≈#
#.≈~~≈~≈~≈≈≈~~≈#~~~~≈≈#
#.~≈###################
#.~~# #..≈# #.~≈# #.~≈#
#.~~#


You could see 2 shadow imps.

Vanquished Creatures
  A bombardier beetle (D:3)
  3 adders
  A shadow imp (Sewer)
  5 ribbon worms
  An orc (D:4)
  3 bats
  6 endoplasms
  3 giant cockroaches
  4 goblins
  A hobgoblin (D:3)
  4 jackals (D:2)
  3 quokkas
  5 ball pythons
  4 frilled lizards
  A giant cockroach zombie (Sewer)
  6 kobolds
  11 rats
62 creatures vanquished.

Notes
Turn   | Place    | Note
-------+----------+-------------------------------------------
     0 | D:1      | grandjackal the Demonspawn Gladiator began the quest for
                  | the Orb.
     0 | D:1      | Reached XP level 1. HP: 16/16 MP: 1/1
   586 | D:1      | Gained mutation: You have sharp fingernails. [demonic
                  | ancestry]
   586 | D:1      | Reached XP level 2. HP: 22/22 MP: 2/2
  1079 | D:2      | Reached skill level 1 in Ranged Weapons
  1079 | D:2      | Gained mutation: You are partially covered in large bone
                  | plates. (SH +4) [demonic ancestry]
  1079 | D:2      | Reached XP level 3. HP: 28/28 MP: 3/3
  1625 | D:3      | Reached XP level 4. HP: 27/35 MP: 4/4
  2042 | D:3      | Found a burning altar of Makhleb.
  2131 | D:3      | Found a faded altar of an unknown god.
  2302 | D:4      | Found a glowing drain.
  2310 | Sewer    | Entered a sewer
  2365 | Sewer    | Gained mutation: You are mostly covered in large bone
                  | plates. (SH +6) [demonic ancestry]
  2365 | Sewer    | Reached XP level 5. HP: 25/41 MP: 5/5
  2378 | Sewer    | HP: 2/42 [shadow imp/nerve-wracking pain (11)]
  2378 | Sewer    | Killed from afar by a shadow imp

Illustrated notes

Levels and vault maps discovered:
D:1:      dpeg_arrival_long_road, layout_loops_ring, kennysheep_small_spiral,
          dreamdust_mushroom_princess
D:2:      layout_basic
D:3:      layout_loops_ring, mainiacjoe_overflow_concentric_impassable,
          hellmonk_ecumenical_altar_leap_of_faith
D:4:      layout_cave_pods, grunt_temple_overflow_open,
          lightli_sewer_entry_pipes, roderic_lattice_a, nicolae_wormholes
Sewer:    kennysheep_sewer_church

Skill      XL: |  1  2  3  4 |
---------------+-------------+-----
Throwing       | 2 |  2.0
Dodging        | 3 |  3.1
Ranged Weapons | 1 2 |  2.4
Fighting       | 3 |  3.6
Long Blades    | |  2.8

Action                     |  1- 3 |  4- 6 || total
---------------------------+-------+-------++-------
  Melee: Long sword        |    38 |       ||    38
         Punch             |     1 |       ||     1
   Fire: Longbow           |    61 |    72 ||   133
   Stab: Sleeping          |     1 |       ||     1
 Armour: Leather armour    |     5 |       ||     5
         Ring mail         |    24 |    35 ||    59
  Dodge: Dodged            |    41 |    26 ||    67
  Block: Other             |     5 |    13 ||    18

Table legend: (Time is in decaauts)
 A = Elapsed time spent in this place.
 B = Non-inter-level travel time spent in this place.
 C = Inter-level travel time spent in this place.
 D = Time resting spent in this place.
 E = Time spent auto-exploring this place.
 F = Levels seen in this place.
 G = Mean time per level.
                   A        B        C        D        E       F      G
               +--------+--------+--------+--------+--------+-----+--------+
         Total |   2499 |   2379 |    120 |    147 |   1675 |   5 |  499.8 |
       Dungeon |   2416 |   2296 |    120 |    147 |   1634 |   4 |  604.0 |
         Sewer |     83 |     83 |      0 |      0 |     41 |   1 |   83.0 |
               +--------+--------+--------+--------+--------+-----+--------+

Top non-repeatable levels by time:
     D:1: 987 daAuts
     D:3: 759 daAuts
     D:2: 529 daAuts
     D:4: 140 daAuts
   Sewer: 83 daAuts
